Construct Section Command Post
Selects Canadian Shock Battlegroup
Construct Platoon Command Post
Selects Canadian Shock Section
Selects Incendiary Munitions
6-pounder Anti-tank Gun Team
Unlock Bishop Self-propelled Artillery
Bishop Self-propelled Artillery
Construct Company Command Post
6-pounder Anti-tank Gun Team
Selects Churchill Crocodile Heavy Tank
Churchill Crocodile Heavy Tank
Bishop Self-propelled Artillery
Churchill Crocodile Heavy Tank